 Dungeon Crawl Stone Soup version 0.31-a0-188-g5e087ee2ca (webtiles) character file.

Game seed: 14684727021740335717

35 qw the Shooter (level 3, -1/20 HPs)
             Began as a Deep Elf Hunter on June 23, 2023.
             Succumbed to Ijyb's poison
             ... on level 2 of the Dungeon.
             The game lasted 00:00:23 (1173 turns).

qw the Shooter (Deep Elf Hunter)                    Turns: 1173, Time: 00:00:23

Health: -1/20      AC:  7    Str: 10    XL:     3   Next: 16%
Magic:  0/5        EV: 16    Int: 13    God:
Gold:   73         SH:  0    Dex: 18    Spells: 2/2 levels left

rFire   + . .        Y - +1 shortbow
rCold   . . .        (shield currently unavailable)
rNeg    . . .        k - +2 ring mail {rF+}
rPois   .            (no helmet)
rElec   .            (no cloak)
rCorr   .            (no gloves)
SInv    .            (no boots)
Will    .....        e - amulet of guardian spirit
Stlth   +            b - +5 ring of evasion
HPRegen 0.23/turn    (no ring)
MPRegen 0.09/turn

%: guardian spirit
@: lethally poisoned (-1 -> -11)
A: no striking features
a: no special abilities


You were on level 2 of the Dungeon.
You visited 1 branch of the dungeon, and saw 2 of its levels.

You collected 73 gold pieces.


   Skills:
 - Level 1.5 Fighting
 + Level 6.7 Ranged Weapons
 - Level 2.4 Dodging
 - Level 1.2 Stealth


You had 2 spell levels left.
You didn't know any spells.
Your spell library was empty.

Inventory:

Hand Weapons
 Y - a +1 shortbow (weapon)
Armour
 k - a +2 ring mail of fire resistance (worn)
Jewellery
 b - a +5 ring of evasion (left hand)
 e - an amulet of guardian spirit (around neck)
Scrolls
 a - a scroll of identify
Potions
 g - a potion of might {unknown}
 j - a potion of enlightenment {unknown}

Dungeon Overview and Level Annotations

Branches:
Dungeon (2/15)

Altars:
Zin

Annotations:
D:2 Ijyb


Message History

Ijyb hits you with a +6 dagger of venom.
The goblin barely misses you.
You shoot an arrow. The arrow closely misses Ijyb.
Ijyb misses you. The goblin barely misses you. x2
You shoot an arrow. The arrow barely misses Ijyb.
Ijyb completely misses you. The goblin closely misses you. x2
You shoot an arrow. The arrow closely misses Ijyb.
Ijyb hits you with a +6 dagger of venom.
The goblin barely misses you. x2
You shoot an arrow. The arrow barely misses Ijyb.
Ijyb hits you with a +6 dagger of venom.
The goblin closely misses you. The goblin barely misses you.
You shoot an arrow. The arrow hits Ijyb but does no damage.
Ijyb is heavily wounded.
Ijyb hits you with a +6 dagger of venom.
You are poisoned.
The goblin hits you but does no damage. The goblin closely misses you.
The goblin completely misses you. Ijyb completely misses you.
The goblin misses you.
You shoot an arrow. The arrow closely misses Ijyb.
You feel very sick. The goblin closely misses you. The goblin misses you.
Ijyb hits you with a +6 dagger of venom.
1170 ||| DRINKING potion of heal wounds.
You feel much better.
You feel sick. The goblin hits you but does no damage.
Ijyb hits you with a +6 dagger of venom.
You are lethally poisoned!
The goblin closely misses you.
You shoot an arrow. The arrow hits Ijyb!
Ijyb is almost dead.
You feel very sick. Ijyb closely misses you. The goblin misses you.
The goblin hits you but does no damage.
You shoot an arrow. The arrow completely misses Ijyb.
You feel very sick. Ijyb closely misses you. The goblin closely misses you.
The goblin hits you with a +0 dagger.
You shoot an arrow. The arrow misses Ijyb.
You die...

#(#.#.#.# .......
#.......#
8)?...8##.#.#.#.#
...)...#........#
8.....8#..#.#.#.#
[......#........#
8....)8#.#####.##
......gg.........
#.....g@.# ##
..########


You could see Ijyb and 2 goblins.

Vanquished Creatures
  A dart slug (D:1)
  2 ball pythons (D:2)
  3 endoplasms
  8 goblins
  5 hobgoblins (D:1)
  2 jackals (D:1)
  4 bats
  A frilled lizard (D:1)
  A rat (D:1)
27 creatures vanquished.

Notes
Turn   | Place    | Note
-------+----------+-------------------------------------------
     0 | D:1      | qw the Deep Elf Hunter began the quest for the Orb.
     0 | D:1      | Reached XP level 1. HP: 12/12 MP: 3/3
     0 | D:1      | 0 ||| qw: Version: 0.3-a-9-g12657ce
     0 | D:1      | 0 ||| qw: Game counter: 3531
     0 | D:1      | 0 ||| qw: Always use a shield: true
     0 | D:1      | 0 ||| qw: God list: Okawaru
     0 | D:1      | 0 ||| qw: Allow faded altars: false
     0 | D:1      | 0 ||| qw: Do Orc after D:15 true
     0 | D:1      | 0 ||| qw: Do second Lair branch before Depths: true
     0 | D:1      | 0 ||| qw: Lair rune preference: random
     0 | D:1      | 0 ||| qw: Plans: Normal
     0 | D:1      | 0 ||| PLANNING D:1-11
   190 | D:1      | Reached skill level 6 in Ranged Weapons
   190 | D:1      | Reached XP level 2. HP: 16/16 MP: 4/4
   943 | D:1      | 943 ||| UPGRADING to +2 ring mail of fire resistance.
   953 | D:1      | 953 ||| DROPPING +0 leather armour.
   954 | D:1      | 954 ||| UPGRADING to amulet of guardian spirit.
   959 | D:1      | 959 ||| READING scroll labelled DUQEAS HODE.
   960 | D:1      | 960 ||| READING scroll labelled GUIDYINTUOT.
   961 | D:1      | 961 ||| READING scroll labelled BOJUDE GUUKEH.
   962 | D:1      | 962 ||| READING scroll labelled QAHAWU CARA.
   963 | D:1      | 963 ||| DROPPING scroll of butterflies.
  1062 | D:2      | Found a glowing silver altar of Zin.
  1130 | D:2      | 1130 ||| UPGRADING to +5 ring of evasion.
  1133 | D:2      | Reached XP level 3. HP: 20/20 MP: 5/5
  1148 | D:2      | Noticed Ijyb
  1169 | D:2      | HP: 3/20 [Ijyb/+6 dagger of venom (4)]
  1170 | D:2      | 1170 ||| DRINKING potion of heal wounds.
  1172 | D:2      | HP: 1/20 [poisoned by Ijyb]
  1173 | D:2      | Succumbed to Ijyb's poison

Levels and vault maps discovered:
D:1:      ncdulo_wetmaze, layout_basic
D:2:      kennysheep_the_goblin_king, layout_basic, basic_altar, serial_glass,
          glass_columns_a, glass_columns_b, due_unseen_surprise, feat_on_display

Skill      XL: |  1 |
---------------+----+-----
Ranged Weapons | 6 |  6.7
Fighting       | |  1.5
Dodging        | |  2.4
Stealth        | |  1.2

Action                     || total
---------------------------++-------
   Fire: Shortbow          ||    77
    Use: Scroll            ||     4
         Potion            ||     1
 Armour: Ring mail         ||    11
  Dodge: Dodged            ||    45

Table legend:
 A = Non-vault XP
 B = Vault XP
 C = Vault XP percentage of total XP
 D = Non-vault monster count
 E = Vault monster count
 F = Vault count percentage of total count
                 A         B        C        D         E       F
            +---------+---------+-------+---------+---------+-------
      Total |      42 |       8 |  16.0 |      23 |       4 |  14.8
            +---------+---------+-------+---------+---------+-------
        D:1 |      34 |       0 |   0.0 |      19 |       0 |   0.0
        D:2 |       8 |       8 |  50.0 |       4 |       4 |  50.0
            +---------+---------+-------+---------+---------+-------
